 Dungeon Crawl Stone Soup version 0.29-a0-730-g5686a2c4f1 (webtiles) character file.

Game seed: 5352886437817546733

3961 greasedhog the Covert (level 10, 0/67 HPs)
             Began as a Formicid Hunter on June 29, 2022.
             Was a Follower of Dithmenos.
             Slain by a yak (9 damage)
             ... on level 11 of the Dungeon.
             The game lasted 00:15:38 (10085 turns).

greasedhog the Covert (Formicid Hunter)            Turns: 10085, Time: 00:15:39

Health: 0/67       AC: 10    Str: 16    XL:     10   Next: 45%
Magic:  12/12      EV: 16    Int:  9    God:    Dithmenos [*.....]
Gold:   518        SH:  0    Dex: 21    Spells: 9/9 levels left

rFire   . . .      SeeInvis +   a - +0 shortbow (freeze)
rCold   . . .      Faith    .   (no shield)
rNeg    . . .      Spirit   .   c - +0 leather armour
rPois   .          Reflect  .   (helmet unavailable)
rElec   .          Harm     .   y - +2 cloak
rCorr   .          Rampage  .   (no gloves)
Will    +....                   (no boots)
Stlth   ++++++....              (no amulet)
HPRegen 0.21/turn               e - +4 ring of protection
MPRegen 0.13/turn               l - +4 ring of evasion

@: wreathed by umbra
A: permanent stasis, dig shafts and tunnels, antennae 3, four strong arms
a: Dig, Shaft Self, Renounce Religion


You were on level 11 of the Dungeon.
You worshipped Dithmenos.
Dithmenos was aware of your devotion.
You visited 2 branches of the dungeon, and saw 11 of its levels.

You collected 619 gold pieces.
You spent 101 gold pieces at shops.

Inventory:

Hand Weapons
 a - a +0 shortbow of freezing (weapon)
 v - a +0 whip
Armour
 c - a +0 leather armour (worn)
 y - a +2 cloak (worn)
Jewellery
 e - a +4 ring of protection (left hand)
 l - a +4 ring of evasion (right hand)
 B - a ring of fire
 D - a ring of flight
Wands
 f - a wand of flame (17)
 q - a wand of digging (4)
Scrolls
 b - 2 scrolls of immolation
 d - 4 scrolls of fear
 h - a scroll of summoning
 i - 2 scrolls of fog
 k - 3 scrolls of vulnerability
 o - a scroll of magic mapping
 r - 2 scrolls of amnesia
 u - 2 scrolls of brand weapon
 w - 5 scrolls of poison {unknown}
 H - 2 scrolls of silence {unknown}
Potions
 g - 4 potions of attraction {unknown}
 j - 2 potions of mutation {unknown}
 m - 4 potions of lignification {unknown}
 p - 2 potions of degeneration {unknown}
 s - a potion of invisibility {unknown}
 t - a potion of heal wounds {unknown}
 x - 2 potions of experience {unknown}
 z - 2 potions of curing
 A - a potion of haste {unknown}
 C - 2 potions of brilliance {unknown}
 E - a potion of resistance {unknown}


   Skills:
 - Level 2.1 Fighting
 * Level 10.5 Ranged Weapons
 - Level 1.7 Dodging
 * Level 12.6 Stealth
 + Level 3.4 Invocations
 + Level 3.2 Evocations


You had 9 spell levels left.
You didn't know any spells.
Your spell library contained the following spells:

 Spells                   Type           Power      Damage    Failure   Level
 Magic Dart               Conj           0%         1d3       45%         1
 Searing Ray              Conj           0%         2d4       58%         2
 Fulminant Prism          Conj/Hex       0%         3d6       99%         4


Dungeon Overview and Level Annotations

Branches:
Dungeon (11/15)            Temple (1/1) D:5
   Lair: D:8-11         Orc: D:9-12

Altars:
Ashenzari
Cheibriados
Dithmenos
Fedhas
Gozag
Hepliaklqana
Kikubaaqudgha
Makhleb
Nemelex Xobeh
Okawaru
Qazlal
Ru
Trog
Vehumet
Wu Jian
Xom
Yredelemnul
Zin
The Shining One
Beogh

Shops:
D:2 (   D:5 ?

Annotations:
D:3 3 runed translucent doors, crusatyr's ghost, amateur DsBe


Innate Abilities, Weirdness & Mutations

You cannot be hasted, slowed, berserked, paralysed or teleported.
You can dig through walls and to a lower floor.
You have a pair of large antennae on your head. (SInv)
Your four strong arms can wield two-handed weapons with a shield.


Message History

The yak is lightly wounded.
The yak gores you! x2
You shoot an arrow.
The arrow hits the yak but does no damage.
The yak is lightly wounded.
The yak barely misses you. The yak gores you but does no damage.
You shoot an arrow. The arrow closely misses the yak.
The yak gores you! The yak gores you but does no damage.
You shoot an arrow. The arrow hits the yak!
The arrow freezes the yak.
The yak is heavily wounded.
The yak gores you but does no damage. The yak closely misses you.
You shoot an arrow. The arrow barely misses the yak.
The yak closely misses you. The yak gores you but does no damage.
You shoot an arrow. The arrow completely misses the yak.
The yak gores you! The yak closely misses you.
You are too injured to fight recklessly!
You are too injured to fight recklessly!
You are too injured to fight recklessly!
The yak attacks as you move away! The yak gores you.
Fire: a) +0 shortbow (freeze)
Press: ? - help, Q - select action, (/) - cycle Shift-Dir - straight line, f/p - yak
Aim: a yak (heavily wounded, umbra)
You shoot an arrow. The arrow hits the yak!
The arrow freezes the yak.
The yak is almost dead.
The yak misses you. The yak gores you.
Fire: a) +0 shortbow (freeze)
Press: ? - help, Q - select action, (/) - cycle Shift-Dir - straight line, f/p - yak
Aim: a yak (almost dead, umbra)
You shoot an arrow. The arrow hits the yak!
The arrow freezes the yak.
You kill the yak!
Dithmenos accepts your kill. The yak gores you!
* * * LOW HITPOINT WARNING * * *
Fire: a) +0 shortbow (freeze)
Press: ? - help, Q - select action, (/) - cycle Shift-Dir - straight line, f - yak
Aim: a yak (umbra)
You shoot an arrow. The arrow hits the yak.
The arrow freezes the yak.
The yak is lightly wounded.
The yak gores you!
You die...

#. ..# #....#..# ..#
+... #.. ..#
######.. #.# ..#
#..>...####.###..###
+......#...........#
#......#...........#
#......#.....Y@....#
#..........†########
#########.[.##....##
#............
#............
#............
#............
#############


You could see a yak.

Vanquished Creatures
  An unseen horror zombie (D:8)
  Grinder (D:4)
  Sigmund (D:6)
  3 yaks (D:11)
  An orc warrior (D:8)
  2 hornet zombies (D:8)
  2 ice beasts
  An ogre (D:6)
  A centaur (D:7)
  A phantom (D:7)
  A kobold brigand (D:9)
  2 bullfrogs (D:8)
  2 scorpions (D:5)
  2 wyvern zombies (D:8)
  A necrophage (D:6)
  16 wights
  A jelly (D:6)
  5 centaur zombies (D:8)
  3 hounds
  5 orc priests
  2 iguanas (D:5)
  2 orc wizards (D:9)
  Ijyb (D:2)
  4 killer bee zombies (D:8)
  3 howler monkey zombies (D:8)
  7 adders
  A shadow imp (D:8)
  An ufetubus (D:6)
  A dart slug (D:1)
  A worm (D:2)
  16 orcs
  9 endoplasms
  5 giant cockroaches
  15 goblins
  6 hobgoblins
  7 jackals
  3 quokkas
  11 ball pythons
  9 bats
  2 frilled lizards
  14 kobolds
  10 rats
  A spectral goblin (D:4)
183 creatures vanquished.

Vanquished Creatures (others)
  A plant (D:2)
  2 withered plants (D:8)
3 creatures vanquished.

Grand Total: 186 creatures vanquished

Notes
Turn   | Place    | Note
-------+----------+-------------------------------------------
     0 | D:1      | greasedhog the Formicid Hunter began the quest for the Orb.
     0 | D:1      | Reached XP level 1. HP: 16/16 MP: 1/1
   133 | D:1      | Reached XP level 2. HP: 19/22 MP: 2/2
   242 | D:1      | Reached skill level 2 in Stealth
   433 | D:1      | Reached XP level 3. HP: 27/27 MP: 3/3
   498 | D:1      | Found a faded altar of an unknown god.
   694 | D:1      | Reached skill level 3 in Stealth
  1119 | D:2      | Found Tuhoikiff's Antique Weapon Emporium.
  1237 | D:2      | Reached XP level 4. HP: 33/33 MP: 4/4
  1365 | D:2      | Noticed Ijyb
  1384 | D:2      | Killed Ijyb
  1586 | D:2      | Reached skill level 5 in Ranged Weapons
  1586 | D:2      | Reached skill level 4 in Stealth
  2018 | D:2      | Reached XP level 5. HP: 38/38 MP: 5/5
  2313 | D:3      | Found a runed translucent gate.
  2318 | D:3      | Found a runed translucent gate.
  2318 | D:3      | Found a runed translucent gate.
  2320 | D:3      | Noticed crusatyr's ghost (amateur DsBe)
  2702 | D:3      | Identified the +3 ring mail of Yredelemnul's Regard {Dex+3}
  3150 | D:4      | Noticed Grinder
  3494 | D:4      | Found an opulent altar of Gozag.
  3594 | D:4      | Reached skill level 5 in Stealth
  3594 | D:4      | Reached XP level 6. HP: 44/44 MP: 6/6
  3697 | D:5      | Entered Level 5 of the Dungeon
  3831 | D:5      | Reached skill level 6 in Stealth
  3831 | D:5      | Reached XP level 7. HP: 50/50 MP: 7/7
  3956 | D:5      | Found a staircase to the Ecumenical Temple.
  4018 | Temple   | Entered the Ecumenical Temple
  4408 | D:5      | Found a radiant altar of Vehumet.
  4553 | D:5      | Found Mepha's Magic Scroll Boutique.
  4557 | D:5      | Bought a scroll of noise for 11 gold pieces
  4840 | D:6      | Found a sparkling altar of Nemelex Xobeh.
  4976 | D:6      | Reached skill level 7 in Stealth
  5087 | D:6      | Reached XP level 8. HP: 56/56 MP: 8/8
  5272 | D:6      | Noticed Sigmund
  5282 | D:6      | Killed Sigmund
  5283 | D:6      | Reached skill level 8 in Stealth
  5348 | D:6      | Noticed a two-headed ogre
  5383 | D:6      | Reached skill level 9 in Stealth
  6041 | D:4      | Killed Grinder
  6181 | D:4      | Found a hazy altar of Hepliaklqana.
  6293 | D:7      | Reached XP level 9. HP: 57/61 MP: 9/9
  6585 | D:7      | Found a shimmering altar of Xom.
  6604 | D:7      | Reached skill level 10 in Stealth
  7052 | D:7      | Found a burning altar of Makhleb.
  7062 | D:7      | Found an iron altar of Okawaru.
  7123 | D:7      | Found a shadowy altar of Dithmenos.
  7392 | D:7      | Became a worshipper of Dithmenos the Shadowed
  7720 | D:8      | Reached skill level 11 in Stealth
  8264 | D:8      | Found a glowing silver altar of Zin.
  8265 | D:8      | Found Zin's Purification Station.
  8271 | D:8      | Bought a potion of curing for 90 gold pieces
  8309 | D:8      | Reached skill level 1 in Invocations
  8309 | D:8      | Reached skill level 1 in Evocations
  8810 | D:8      | Reached * piety under Dithmenos
  8816 | D:8      | Reached XP level 10. HP: 52/67 MP: 11/11
  9090 | D:8      | Reached skill level 10 in Ranged Weapons
  9090 | D:8      | Reached skill level 12 in Stealth
  9829 | D:9      | You fall into a shaft and drop 2 floors!
 10085 | D:11     | Slain by a yak

Illustrated notes

Levels and vault maps discovered:
D:1:      minmay_arrival_shattered_statue, layout_loops_corners,
          hellmonk_ecumenical_altar_heavens_door, minmay_indecisive_spiral
D:2:      kennysheep_the_goblin_king, layout_loops_corners, serial_shops,
          nicolae_shop_hallway_stairs, serial_forest, infiniplex_forest_lined_1,
          infiniplex_forest_clump_medium, infiniplex_forest_lined_1,
          infiniplex_forest_lined_3, infiniplex_forest_end_3,
          infiniplex_forest_lined_1, infiniplex_forest_corner_1,
          infiniplex_forest_corner_1, infiniplex_forest_lined_room_2,
          infiniplex_forest_clump_tiny, chequers_hall_statues_wall_a
D:3:      layout_basic, biasface_ghost_orc_armoury, corexii_leaking_fountain,
          st_stairs_8
D:4:      layout_cave_pools, nicolae_hepliaklqana_monster_ancestors,
          grunt_gozag_statues, uniq_grinder
D:5:      layout_loops_corners, nicolae_vehumet_radiance,
          minmay_temple_entry_mini_moons, serial_shops, nicolae_shop_waterfront
D:6:      layout_gridville, nemelex_dance_club_becter,
          chequers_decorated_corner, uniq_sigmund
D:7:      layout_loops_ring, mainiacjoe_overflow_boulevard,
          grunt_dithmenos_smoke_and_mirrors, nicolae_overflow_squiral,
          david_defended_altar_orc
D:8:      layout_basic, zin_purify, serial_undead, serial_undead_f,
          serial_undead_c, serial_undead_d, serial_undead_d, serial_undead_a,
          serial_undead_c
D:9:      layout_stronghold, erik_lair_orcish_takeover
D:11:     layout_gridville, corexii_corridor_pit
Temple:   jpeg_temple_alley_garden

Skill      XL: |  1  2  3  4  5  6  7  8  9 10 |
---------------+-------------------------------+-----
Stealth        | 2 3 4 5 6 7 9 11 12 | 12.6
Ranged Weapons | 5 6 7 8 9 10 | 10.5
Invocations    | 1 3 |  3.4
Evocations     | 1 3 |  3.2
Fighting       | |  2.1
Dodging        | |  1.7

Action                   |  1- 3 |  4- 6 |  7- 9 | 10-12 || total
-------------------------+-------+-------+-------+-------++-------
Melee: Shortbow          |       |    20 |       |       ||    20
       Punch             |       |     1 |       |       ||     1
 Fire: Shortbow          |    90 |   157 |   380 |   131 ||   758
 Abil: Shaft Self        |       |       |       |     1 ||     1
Evoke: Wand              |       |       |    13 |       ||    13
  Use: Scroll            |       |     7 |     3 |       ||    10
Armor: Leather armour    |    17 |    16 |    68 |    22 ||   123
Dodge: Dodged            |    28 |    40 |   208 |    74 ||   350

Table legend: (Time is in decaauts)
 A = Elapsed time spent in this place.
 B = Non-inter-level travel time spent in this place.
 C = Inter-level travel time spent in this place.
 D = Time resting spent in this place.
 E = Time spent auto-exploring this place.
 F = Levels seen in this place.
 G = Mean time per level.
                   A        B        C        D        E       F      G
               +--------+--------+--------+--------+--------+-----+--------+
         Total |  10207 |   9573 |    634 |   1407 |   6582 |  11 |  927.9 |
       Dungeon |   9981 |   9415 |    566 |   1407 |   6430 |  10 |  998.1 |
        Temple |    225 |    157 |     68 |      0 |    152 |   1 |  225.0 |
               +--------+--------+--------+--------+--------+-----+--------+

Top non-repeatable levels by time:
     D:8: 2117 daAuts
     D:2: 1221 daAuts
     D:6: 1149 daAuts
     D:3: 1141 daAuts
     D:7: 1133 daAuts
     D:1: 1125 daAuts
     D:5: 982 daAuts
     D:4: 540 daAuts
     D:9: 314 daAuts
    D:11: 255 daAuts
  Temple: 225 daAuts
